Map: Lost and Found LE

Players

Gemini

  • Race: Protoss Protoss
  • League: Grandmaster
  • Spawn Location: 7:00

A.I. 1 (Very Easy) - Winner!

  • Race: Terran Terran
  • Spawn Location: 1:00

VOD

Have the link to the VOD?

Description

Time

  • Played on: Oct. 28, 2018, 8:05 p.m.
  • Length: 7:33
Show
View Real Time Build Order
Export as new Build Order

Gemini Protoss 

Build Orders: 1 Gate Expand 

Get SALT Encoding   

  12  0:00  Probe  
  13  0:12  Probe  
  14  0:16  Pylon  
  14  0:24  Probe  
  15  0:32  Probe  
  15  0:37  Gateway  
  15  0:40  Probe  
  16  0:45  Assimilator  
  17  0:51  Probe  
  18  1:03  Probe  
  19  1:20  Nexus  
  19  1:21  Probe  
  20  1:31  Cybernetics Core  
  20  1:34  Probe  
  21  1:42  Assimilator  
  21  1:46  Probe  
  22  1:50  Pylon  
  22  1:58  Probe  
  22  1:59  Stalker  
  23  2:08  Warp Gate  
  23  2:11  Probe  
  26  2:23  Probe  
  26  2:27  Robotics Facility  
  26  2:29  Probe  
  27  2:35  Probe  
  29  2:38  Probe  
  29  2:43  Stalker  
  32  2:47  Probe  
  32  2:49  Probe  
  34  2:59  Probe  
  34  3:01  Probe  
  36  3:08  Observer  
  36  3:11  Probe  
  37  3:13  Probe  
  37  3:14  Gateway  
  37  3:15  Gateway  
  39  3:22  Robotics Bay  
  39  3:23  Probe  
  39  3:25  Probe  
  41  3:30  Warp Prism  
  41  3:31  Pylon  
  41  3:36  Probe  
  41  3:37  Probe  
  45  3:48  Probe  
  46  3:49  Probe  
  46  3:53  Pylon  
  47  3:58  Disruptor  
  47  3:59  Gravitic Drive  
  47  4:00  Probe  
  47  4:01  Assimilator, Probe  
  47  4:02  Assimilator  
  52  4:12  Probe  
  52  4:14  Probe  
  54  4:17  Pylon  
  54  4:25  Stalker  
  54  4:26  Probe x2  
  54  4:27  Stalker  
  60  4:31  Pylon  
  60  4:35  Observer  
  61  4:43  Nexus  
  61  4:46  Disruptor, Pylon  
  61  4:51  Twilight Council  
  64  5:04  Gateway  
  64  5:06  Blink  
  64  5:07  Gateway  
  64  5:08  Probe  
  64  5:10  Probe, Gateway  
  64  5:11  Disruptor  
  66  5:19  Sentry  
  66  5:20  Probe  
  69  5:22  Probe  
  73  5:33  Assimilator  
  74  5:35  Probe x2  
  74  5:37  Assimilator  
  74  5:41  Forge  
  75  5:47  Probe x2  
  77  5:55  Disruptor  
  80  5:59  Probe  
  80  6:00  Probe x2  
  80  6:01  Pylon  
  83  6:10  Stalker x3  
  89  6:12  Probe x2  
  89  6:13  Stalker  
  89  6:16  Probe  
  94  6:24  Probe x2  
  96  6:26  Disruptor  
  96  6:28  Probe  
  97  6:35  Pylon  
  97  6:36  Probe x2  
  97  6:39  Stalker  
  104  6:40  Stalker, Probe  
  107  6:51  Adept  
  109  6:54  Pylon x2  
  109  6:55  Pylon  
  109  7:03  Dark Shrine  
  109  7:07  Gateway  
  109  7:11  Gateway  
  109  7:13  Adept x3  
  109  7:14  Sentry  
  109  7:15  Sentry  
  122  7:20  Stalker  
  122  7:21  Probe x2  
  127  7:29  Pylon  
Show
View Real Time Build Order
Export as new Build Order

A.I. 1 (Very Easy) Terran - Winner!

Build Orders:  

Get SALT Encoding   

  12  0:00  SCV  
  13  0:13  SCV  
  14  0:18  Supply Depot  
  14  0:37  Refinery  
  14  0:41  Barracks  
  14  1:03  Supply Depot  
  14  1:12  Refinery  
  14  1:29  Marine  
  14  1:30  Orbital Command  
  15  1:55  SCV  
  16  2:04  Marine  
  16  2:07  SCV  
  18  2:19  SCV  
  19  2:31  SCV  
  20  2:38  Marine  
  20  2:43  SCV  
  22  2:55  SCV  
  23  5:17  SCV  
  19  5:29  SCV  
  20  5:41  SCV  
  20  5:54  SCV  
  20  5:55  Marine  
  22  5:58  Factory  
  22  6:01  Supply Depot  
  22  6:06  SCV  
  23  6:18  SCV  
  24  6:27  Barracks Tech Lab  
  24  6:30  SCV  
  24  6:42  SCV  
  24  6:44  Starport  
  24  6:46  Marauder  
  24  6:54  SCV  
  24  6:58  Supply Depot  
  25  7:06  SCV  
  26  7:11  Command Center  
  26  7:18  SCV  
  26  7:20  Starport Tech Lab  
Tags
 
Add a new tag
Caveats
  • Supply blocks, unpowered buildings, or Contaminate may cause inaccurate times.
  • Supply counts are checked every 10 seconds.